AoeStats
← vn.minhbao

African Clearing

504216341Analyzed
4v4 RM · 28d ago on Sep 4, 2026· 46m 11s· 8 players
Game mode
Random Map
Map size
Large (8 player)
Population
200
Speed
Normal
Resources
Standard
Victory
Conquest
Starting age
Dark Age
Ending age
Imperial Age
RankedLock teamsTeams togetherTeam positionsShared explorationLock speedFull tech treeHidden civsTurbo modeCheats
Victory
Defeat
🇻🇳 Huns · Vietnam
1351
+14
🇻🇳 Koreans · Vietnam
1335
+26
🇻🇳 Mongols · Vietnam
1286
+17
🇻🇳 Magyars · Vietnam
1026
+28
🇨🇳 Huns · China
1326
-19
🇨🇳 Vietnamese · China
1319
-19
🇮🇳 Lithuanians · India
1315
-19
🇯🇵 Malians · Japan
1262
-17
事后诸葛亮
3:07 Loom
3:17 Loom
14:16 Feudal Age
20:30 Castle Age
Vic
4:03 Loom
14:11 Feudal Age
16:15 Scale Barding Armor
18:41 Bloodlines
25:19 Castle Age
25:22 Scale Mail Armor
25:33 Forging
25:26 Pikeman
29:54 Fletching
36:18 Double-Bit Axe
41:59 Wheelbarrow
44:32 Horse Collar
grifon_5th
13:05 Feudal Age
16:58 Castle Age
16:00 Double-Bit Axe
16:09 Gold Mining
16:14 Loom
19:22 Scale Barding Armor
27:25 Wheelbarrow
28:04 Forging
30:05 Iron Casting
30:19 Bloodlines
31:27 Hand Cart
31:45 Town Watch
33:22 Husbandry
39:19 Imperial Age
37:52 Bow Saw
38:35 Chain Barding Armor
38:12 Horse Collar
39:36 Heavy Plow
40:25 Conscription
39:41 Heavy Camel Rider
41:25 Farimba
41:12 Cavalier
moneyfusion06
6:46 Loom
14:03 Feudal Age
18:25 Castle Age
20:37 Fletching
31:01 Double-Bit Axe
34:45 Horse Collar
35:18 Bow Saw
36:14 Wheelbarrow
37:48 Bloodlines
37:39 Husbandry
39:07 Fletching
41:15 Hand Cart
44:11 Imperial Age
44:55 Cavalier
Vuhieu84
9:46 Loom
12:33 Feudal Age
13:40 Double-Bit Axe
18:13 Forging
19:56 Scale Barding Armor
31:00 Castle Age
nhathuynh.eco2017
7:45 Loom
13:21 Feudal Age
15:32 Forging
15:28 Scale Barding Armor
21:46 Castle Age
27:24 Husbandry
28:21 Wheelbarrow
29:18 Chain Barding Armor
30:34 Iron Casting
32:40 Double-Bit Axe
38:37 Imperial Age
38:58 Imperial Age
36:46 Town Watch
39:22 Bloodlines
39:01 Cavalier
39:07 Cavalier
40:49 Blast Furnace
42:15 Bow Saw
41:46 Horse Collar
41:57 Gold Mining
42:03 Paladin
43:38 Plate Barding Armor
43:02 Fletching
45:47 Hand Cart
46:24 Bodkin Arrow
ASH
4:33 Loom
15:14 Feudal Age
15:47 Double-Bit Axe
15:45 Horse Collar
22:35 Castle Age
23:32 Bow Saw
23:23 Heavy Plow
25:19 Scale Barding Armor
26:10 Wheelbarrow
25:31 Stone Mining
26:15 Gold Mining
27:46 Chain Barding Armor
30:11 Husbandry
32:10 Hand Cart
32:32 Fletching
33:44 Bodkin Arrow
34:27 Padded Archer Armor
35:04 Thumb Ring
40:20 Imperial Age
38:54 Ballistics
40:09 Leather Archer Armor
40:05 Bloodlines
40:45 Gold Shaft Mining
41:46 Conscription
42:06 Parthian Tactics
42:56 Bracer
43:57 Heavy Cavalry Archer
45:55 Chemistry
46:50 Ring Archer Armor
vn.minhbao
11:17 Loom
13:17 Feudal Age
26:04 Scale Mail Armor
34:43 Wheelbarrow
37:59 Castle Age
36:21 Gold Mining
36:33 Fletching
38:11 Crossbowman
40:26 Bodkin Arrow
43:45 Wheelbarrow
42:56 Town Watch
44:28 Ballistics
44:19 Double-Bit Axe
44:15 Horse Collar
45:12 Gold Shaft Mining
Connection lost

Rejoining the realm…

Still unreachable

The connection could not be restored.

Session expired

The server has moved on; the page needs a fresh start.